Unix NetHack Version 5.0.0-0 post-release - last build Jun 10 2026 00:39:30 (3ee93aec679c4c4259841fe613dc97188e26a321,branch:main).

Game began 2026-07-05 20:26:49, ended 2026-07-05 20:46:46.

HomunculusP, neutral female gnomish Cavewoman

                                   -----                            -------
                                   |.^.|                            |.....|
           ----------             #.rr.d##                          |.....|
           |%......`|             #|r..| #                          |.....|
           |...`....|             #---.- #    `########             |.....|
           |.........#            #   #########-------#             |.....|
           -----.--.-#            #       #    |.....|#             ---|---
                   # ##   -----   #       #    |......###              #
                   #  #   |...|   #       #####-....<|# ##             #
                   ####`  |..(|   #            |.....|   ###           #
                      #-+--...----#            |(....|     #           #
                      #|..........#            |.....|     #           #
                      #-.........|             |.....|  `##########    #
                       |.........|             -------      ##    #    #
                       -----------                            #---|----.--
                                                               |.F.......|
                                                               |.........|
                                                               -----------

HomunculusP the Wererat  St:17 Dx:12 Co:15 In:10 Wi:8 Ch:9  Neutral
Dlvl:3  $:45 HP:0(10) Pw:1(11) AC:6  HD:2 T:2423  Starved  Overloaded Deaf

Latest messages:
 You regain consciousness.
 You collapse under your load.
 You collapse under your load.
 You collapse under your load.
 You faint from lack of food.
 The sewer rat climbs out of the pit.
 You regain consciousness.
 You collapse under your load.
 You can hear again.
 You collapse under your load.
 You faint from lack of food.
 The sewer rat falls into a pit!
 The sewer rat is killed!
 You regain consciousness.
 You collapse under your load.
 You faint from lack of food.
 You regain consciousness.
 You collapse under your load.
 You collapse under your load.
 You faint from lack of food.
 The sewer rat misses it.
 The sewer rat bites it.
 You regain consciousness.
 You collapse under your load.
 You faint from lack of food.
 You regain consciousness.
 You collapse under your load.
 You faint from lack of food.
 The sewer rat falls into a pit!
 The sewer rat is killed!
 You regain consciousness.
 You collapse under your load.
 You faint from lack of food.
 You regain consciousness.
 You collapse under your load.
 You collapse under your load.
 Your sewer rat eats a sewer rat corpse.
 The sewer rat falls into a pit!
 The sewer rat is killed!
 You faint from lack of food.
 You regain consciousness.
 You collapse under your load.
 You faint from lack of food.
 You regain consciousness.
 You collapse under your load.
 You faint from lack of food.
 You die from starvation.
 Do you want your possessions identified? [ynq] (y) y
 Do you want to see your attributes? [ynq] (y) y
 Do you want an account of creatures vanquished? [ynaq] (y) q

Inventory:
 Coins    ('$')
  $ - 45 gold pieces
 Weapons  (')')
  i - 7 +0 arrows
  k - 36 cursed -4 arrows
  x - 6 +0 crossbow bolts
  j - a cursed +0 orcish bow
  b - a +2 sling (alternate weapon; not wielded)
 Comestibles  ('%')
  v - an uncursed food ration
 Scrolls  ('?')
  C - an uncursed scroll of confuse monster
  p - an uncursed scroll of destroy armor
  q - an uncursed scroll of gold detection
 Spellbooks  ('+')
  F - an uncursed spellbook of confuse monster
  B - an uncursed spellbook of light
  g - an uncursed spellbook of magic missile
 Potions  ('!')
  D - an uncursed potion of water
 Tools    ('(')
  G - an uncursed lock pick
 Gems/Stones  ('*')
  l - an uncursed worthless piece of blue glass
  E - an uncursed worthless piece of orange glass
  c - 16 uncursed flint stones (in quiver pouch)
 Boulders/Statues  ('`')
  y - an empty uncursed statue of an acid blob

HomunculusP the Cavewoman's attributes:

Background:
 You were in female wererat form.
 You were actually an Aborigine, a level 3 gnomish Cavewoman.
 You were neutral, nominally on a mission for Ishtar
 who was opposed by Anu (lawful) and Anshar (chaotic).
 You were normally right-handed.
 You were in the Dungeons of Doom, on level 3.
 You entered the dungeon 2423 turns ago.

Basics:
 You had 0 out of 10 hit points.
 You had 1 out of 11 energy points (spell power).
 You had 2 hit dice.
 Your armor class was 6.
 Your wallet contained 45 zorkmids.
 Autopickup was off.

Final Characteristics:
 Your strength was 17.
 Your dexterity was 12.
 Your constitution was 15.
 Your intelligence was 10.
 Your wisdom was 8.
 Your charisma was 9.

Final Status:
 You were transformed.
 You were deaf.
 You were starved.
 You were overloaded; movement was not possible.
 You weren't wielding anything.
 You had basic skill with bare handed combat.
 You weren't wearing any armor.

Final Attributes:
 You were fervently aligned.
 You were poison resistant.
 You were level-drain resistant.
 You would have confused monsters when hitting them.
 You regenerated.
 You were a wererat in beast form.
 You were harmed by silver.
 You are dead.

Miscellaneous:
 You didn't encounter any bones levels.
 Total elapsed playing time was 19 minutes and 56 seconds.

Major events:
 Turn
    1: HomunculusP the neutral gnomish Cavewoman entered the dungeon
 1621: attained the rank of Aborigine (level 3)
 2423: died of starvation, while fainted

Spells:
 Name                 Level Category     Fail Retention
 magic missile          2   attack       100%  76%-100%
 light                  1   divination    72%  76%-100%

Skills:
 Fighting Skills
   bare handed combat [Basic]
 Weapon Skills
   dagger             [Unskilled]
   knife              [Unskilled]
   axe                [Unskilled]
   pick-axe           [Unskilled]
   club               [Basic]
   mace               [Unskilled]
   morning star       [Unskilled]
   flail              [Unskilled]
   hammer             [Unskilled]
   quarterstaff       [Unskilled]
   polearms           [Unskilled]
   spear              [Unskilled]
   trident            [Unskilled]
   bow                [Unskilled]
   sling              [Basic]
   boomerang          [Unskilled]
   unicorn horn       [Unskilled]
 Spellcasting Skills
   attack spells      [Unskilled]
   matter spells      [Unskilled]

Voluntary challenges:
 Character rerolling was not enabled.
 You were an atheist.
 You never genocided any monsters.
 You never polymorphed an object.
 You used no wishes.
Achievement:
 You attained the rank of Aborigine.

 The Dungeons of Doom: levels 1 to 4
    Level 1:
    Level 2:
    Level 3: <- You were here.
       Final resting place for
          you, died of starvation, while fainted.
    Level 4:


Vanquished creatures:
  a shrieker
  a wererat
 an iguana
  3 giant rats
  a brown mold
  3 geckos
  4 jackals
  a fox
  a kobold
  5 sewer rats
  2 grid bugs
  2 lichens
  a kobold zombie
  8 newts
34 creatures vanquished.

No species were genocided or became extinct.

Game over:
                       ----------
                      /          \
                     /    REST    \
                    /      IN      \
                   /     PEACE      \
                  /                  \
                  |   HomunculusP    |
                  |      45 Au       |
                  |     died of      |
                  |    starvation    |
                  |                  |
                  |                  |
                  |       2026       |
                 *|     *  *  *      | *
        _________)/\\_//(\/(/\)/\//\/|_)_______

Goodbye HomunculusP the Cavewoman...

You starved in The Dungeons of Doom on dungeon level 3 with 437 points,
and 45 pieces of gold, after 2423 moves.
You were level 3 with a maximum of 28 hit points when you starved.

